 Dungeon Sprint DCSS version 0.30-a0-802-gb92711bcdf (webtiles) character file.

Game seed: 15329523865718597954

0 sircluck the Trooper (level 3, -6/36 HPs)
             Began as a Hill Orc Fighter on Feb 23, 2023.
             Mangled by Sigmund
             ... wielding a +2 scythe of protection
              (10 damage)
             ... in the Dungeon (Sprint VI: "Thunderdome").
             The game lasted 00:00:39 (32 turns).

sircluck the Trooper (Hill Orc Fighter)               Turns: 32, Time: 00:00:40

Health: -6/36      AC:  7    Str: 20    XL:     3   Next: 10%
Magic:  3/3        EV:  9    Int:  8    God:
Gold:   200        SH:  4    Dex: 10    Spells: 2/2 levels left

rFire   . . .      SeeInvis .    a - +0 war axe
rCold   . . .      Faith    .    c - +0 buckler
rNeg    . . .      Spirit   .    b - +0 scale mail
rPois   .          Reflect  .    (no helmet)
rElec   .          Harm     .    (no cloak)
rCorr   .          Rampage  .    (no gloves)
Will    .....      NoTele   +    (no boots) Stlth
                                 (no amulet)
HPRegen 0.26/turn                (no ring)
MPRegen 0.08/turn                (no ring)

@: no status effects
A: no striking features
a: no special abilities


You were in the Dungeon.
You visited 1 branch You collected 200 gold pieces.

Inventory:

Hand Weapons
 a - a +0 war axe (weapon)
Armour
 b - a +0 scale mail (worn)
 c - a +0 buckler (worn)
Wands
 l - a wand of acid (5)
 m - a wand of roots (5)
Scrolls
 j - 4 scrolls of blinking
 n - 3 scrolls of fog
Potions
 d - a potion of might
 e - a potion of curing
 f - 4 potions of heal wounds
 g - 4 potions of haste
 h - 2 potions of magic
 i - a potion of berserk rage
 k - a potion of resistance


   Skills:
 + Level 5.3 Fighting
 + Level 3.3 Axes
 + Level 4.9 Armour
 + Level 4.8 Shields


You had 2 spell levels left.
You didn't know any spells.
Your spell library was empty.

Dungeon Overview and Level Annotations

Branches:
Dungeon (1/1)

Altars:
Cheibriados
Dithmenos
Gozag
Qazlal
Sif Muna
Wu Jian
Xom
Zin
The Shining One

Shops:
D ??:(

Annotations:
D Sigmund, Terence


Message History

Sigmund hits you with a +2 scythe of protection.
You slash Sigmund!
Sigmund is severely wounded.
Sigmund gestures at you while chanting. The magic dart hits you.
You closely miss Sigmund.
Sigmund is severely wounded.
Sigmund hits you but does no damage.
You closely miss Sigmund.
Sigmund is severely wounded.
Sigmund points at you and mumbles some strange words.
You are confused.
Unknown command.
Sigmund hits you from afar with a +2 scythe of protection.
Sigmund hits you with a +2 scythe of protection!
Terence the Incautious comes into view.
He is wielding a +0 hand axe of electrocution.
Terence shouts!
Sigmund gestures at you while chanting. You resist with significant effort.
You're too confused to move!
Sigmund points at you and mumbles some strange words.
You resist with significant effort.
You feel less confused. You block Sigmund's attack.
Sigmund points at you and mumbles some strange words.
The puff of flame hits you!
* * * LOW HITPOINT WARNING * * *
You hit Sigmund.
Sigmund is almost dead.
You hit Terence.
Terence hits you with a +0 hand axe of electrocution.
* * * LOW HITPOINT WARNING * * *
Sigmund barely misses you.
Terence hits you with a +0 hand axe of electrocution.
* * * LOW HITPOINT WARNING * * *
You hit Sigmund but do no damage.
Sigmund is almost dead.
You barely miss Terence.
Sigmund hits you with a +2 scythe of protection!
You die...

##⌠⌠⌠# #.....#
##.....##
##∩.....∩##
#∩.......∩#
#_......._#
#_......._#
#_....@.._#
###....@@...###
#⌠...........⌠#
#.8.........8.####
......###..)...___
....8. #.8.......
......###.........
...###...###......
... #.<.# ......
.. #...# ......


You could see Sigmund and Terence.

Vanquished Creatures
  Jessica (D)
  A goblin (D)
2 creatures vanquished.

Notes
Turn   | Place    | Note
-------+----------+-------------------------------------------
     0 | D        | sircluck the Hill Orc Fighter began the quest for the Orb.
     0 | D        | Reached XP level 1. HP: 19/19 MP: 1/1
     0 | D        | Found a stormy altar of Qazlal.
     0 | D        | Found a shadowy altar of Dithmenos.
     1 | D        | Found a shimmering blue altar of Sif Muna.
     1 | D        | Found a snail-covered altar of Cheibriados.
     5 | D        | Round 1.
     8 | D        | Found a glowing golden altar of the Shining One.
     8 | D        | Found an ornate altar of the Wu Jian Council.
     9 | D        | Found a glowing silver altar of Zin.
     9 | D        | Found an opulent altar of Gozag.
     9 | D        | Found a shimmering altar of Xom.
     9 | D        | Found Viyz's Staff Store.
     9 | D        | Found Pucez's Magic Scroll Shop.
     9 | D        | Noticed Sigmund
    11 | D        | Found Ficoh's Must-Have Magic.
    11 | D        | Found Joerier's Magic Scroll Shop.
    11 | D        | Noticed Jessica
    16 | D        | Killed Jessica
    17 | D        | Reached skill level 5 in Fighting
    17 | D        | Reached XP level 2. HP: 25/29 MP: 2/2
    17 | D        | Reached XP level 3. HP: 31/36 MP: 3/3
    25 | D        | Noticed Terence
    32 | D        | Mangled by Sigmund

Illustrated notes

Levels and vault maps discovered:
D:        arena_sprint

Skill      XL: |  1 |
---------------+----+-----
Fighting       | 5 |  5.3
Axes           | 3 |  3.3
Armour         | 4 |  4.9
Shields        | 4 |  4.8

Action                     || total
---------------------------++-------
  Melee: War axe           ||    12
 Armour: Scale mail        ||     1
  Dodge: Dodged            ||     5
  Block: Buckler           ||     1

Table legend: (Time is in decaauts)
 A = Elapsed time spent in this place.
 B = Non-inter-level travel time spent in this place.
 C = Inter-level travel time spent in this place.
 D = Time resting spent in this place.
 E = Time spent auto-exploring this place.
 F = Levels seen in this place.
 G = Mean time per level.
                   A        B        C        D        E       F      G
               +--------+--------+--------+--------+--------+-----+--------+
         Total |     36 |     36 |      0 |      0 |      0 |   1 |   36.0 |
       Dungeon |     36 |     36 |      0 |      0 |      0 |   1 |   36.0 |
               +--------+--------+--------+--------+--------+-----+--------+

Top non-repeatable levels by time:
       D: 36 daAuts
